 Dungeon Crawl Stone Soup version 0.20.0-15-g7f486f2 (webtiles) character file.

1157 kuniqs the Skirmisher (level 8, -9/42 HPs)
             Began as a Vine Stalker Fighter on June 10, 2017.
             Mangled by an ogre
             ... wielding a +0 antimagic giant club
              (32 damage)
             ... on level 6 of the Dungeon.
             The game lasted 00:05:11 (3827 turns).

kuniqs the Skirmisher (Vine Stalker Fighter)        Turns: 3827, Time: 00:05:12

Health: -9/42      AC: 15    Str: 20    XL:     8   Next: 39%
Magic:  0/9        EV:  7    Int:  8    God:
Gold:   280        SH: 10    Dex: 15    Spells: 7/7 levels left

rFire    + + .     SeeInvis .   u - +8 rapier of Fimbulwinter {chaos, *Drain rElec rF++ rN+}
rCold    . . .     Gourm    .   c - +0 shield
rNeg     + . .     Faith    .   t - +0 chain mail
rPois    .         Spirit   +   (no helmet)
rElec    +         Reflect  .   (no cloak)
rCorr    .         Harm     .   v - +0 pair of gloves
MR       +....                  r - +1 pair of boots
Stlth    ..........             (no amulet)
Regen    0.6/turn               q - +3 ring of protection
MPRegen  0.2/turn               (no ring)

@: no status effects
A: fangs 3, regeneration 1, magic shield, antimagic bite, no potion heal 3, rot
immunity
a: no special abilities


You were on level 6 of the Dungeon.
You were not hungry.

You visited 1 branch of the dungeon, and saw 6 of its levels.

You collected 280 gold pieces.

Inventory:

Hand Weapons
 u - the +8 rapier of Fimbulwinter (weapon) {chaos, *Drain rElec rF++ rN+}
   (You found it on level 4 of the Dungeon)

   Each time it hits an enemy it has a different, random effect.
   It greatly protects you from fire.
   It insulates you from electricity.
   It protects you from negative energy.
   It causes draining when unequipped.
Armour
 c - a +0 shield (worn)
 r - a +1 pair of boots (worn)
 t - a +0 chain mail (worn)
 v - a +0 pair of gloves (worn)
Jewellery
 q - a +3 ring of protection (left hand)
Wands
 w - a wand of acid (7/15)
Scrolls
 b - 2 scrolls of random uselessness {unknown}
 g - 3 scrolls of enchant armour {unknown}
 i - 3 scrolls of identify {@r1}
 j - 2 scrolls of remove curse {unknown}
 k - a scroll of noise {unknown}
 m - a scroll of teleportation {unknown}
 n - 2 scrolls of fear {unknown}
Potions
 a - a potion of might
 l - 2 potions of cancellation {unknown}
 o - a potion of invisibility {unknown}
 s - a potion of haste {unknown}
 x - a potion of curing {unknown}
 z - a potion of heal wounds {unknown}
Comestibles
 d - 7 bread rations
 e - 3 meat rations
 f - 2 fruits
 h - 3 royal jellies
 p - 12 chunks of flesh


   Skills:
 + Level 4.8 Fighting
 + Level 4.4 Short Blades
 + Level 4.1 Armour
 + Level 3.3 Dodging
 + Level 4.7 Shields


You had 7 spell levels left.
You didn't know any spells.

Dungeon Overview and Level Annotations

Branches:
Dungeon (6/15)
 Temple: D:4-7

Altars:
Ashenzari
Trog


Innate Abilities, Weirdness & Mutations

You have razor-sharp teeth.
Your natural rate of healing is unusually fast.
When hurt, damage is shared between your health and your magic reserves.
Your bite disrupts and absorbs the magic of your enemies.
Potions cannot restore your health.
You are immune to rotting.


Message History

The eye of draining turns its gaze towards you.
An ogre comes into view. It is wielding an antimagic giant club.
The ogre shouts!
A big kobold comes into view. It is wielding an enchanted rapier.
The big kobold shouts!
Found a bloodstained altar of Trog.
An eye of draining comes into view.
You puncture the ogre! You burn the ogre.
The ogre is moderately wounded.
The ogre hits you but does no damage.
You hit the ogre.
The ogre goes berserk!
The ogre is heavily wounded.
The ogre hits you with an antimagic giant club!!
You feel your power leaking away.
You puncture the ogre! You freeze the ogre. You bite the ogre.
You drain its power.
You feel invigorated.
The ogre is almost dead.
The ogre hits you with an antimagic giant club!!!
Ouch! That really hurt!
You die...

#...(....#####..
#####......### #..
##...###.)..# #..
##.._..##....# ###
#.......#...## #.
#.......#...# #.
#.8..G8.##..# ##.
#..GOK# #..# ##..
#..@## #.## ##..#
#....###.# ##..##
#........#
####..##
####.###.###.....#
#.............#
#.....###.....#
#.....# #.....#
##....# #.....#
#....# #.....#


You could see 2 eyes of draining, a big kobold and an ogre (berserk).

Vanquished Creatures
  The ghost of psko the Magician, a novice SpCj of Ru (D:4)
  2 phantoms (D:4)
  An ogre (D:5)
  A centaur (D:6)
  2 scorpions (D:6)
  A howler monkey (D:4)
  A crimson imp (D:6)
  2 hounds (D:4)
  2 jellies (D:5)
  An orc priest (D:3)
  An orc wizard (D:5)
  4 worker ants
  6 adders
  An adder zombie (D:6)
  3 worms
  3 dart slugs (D:3)
  2 leopard geckos
  10 orcs
  4 ball pythons
  3 giant cockroaches
  3 goblins
  8 hobgoblins
  15 jackals
  4 kobolds
  A quokka (D:3)
  10 bats
  6 frilled lizards
  4 rats
102 creatures vanquished.

Notes
Turn   | Place    | Note
-------+----------+-------------------------------------------
     0 | D:1      | kuniqs the Vine Stalker Fighter began the quest for the Orb.
     0 | D:1      | Reached XP level 1. HP: 11/11 MP: 2/2
   114 | D:1      | Reached XP level 2. HP: 16/16 MP: 3/3
   524 | D:1      | Reached XP level 3. HP: 20/20 MP: 4/4
   833 | D:2      | Reached skill level 1 in Dodging
  1407 | D:3      | Gained mutation: Your natural rate of healing is unusually fast. [Vine Stalker growth]
  1407 | D:3      | Reached XP level 4. HP: 24/24 MP: 5/5
  1798 | D:3      | Reached XP level 5. HP: 28/28 MP: 6/6
  2227 | D:4      | Found a shattered altar of Ashenzari.
  2244 | D:4      | Noticed psko's ghost (novice SpCj)
  2259 | D:4      | HP: 1/28 [psko's ghost/magic dart (8)]
  2273 | D:4      | Killed psko's ghost
  2273 | D:4      | Reached XP level 6. HP: 9/33 MP: 7/7
  2343 | D:4      | Got a crude rapier
  2344 | D:4      | Identified the +8 rapier of Fimbulwinter {chaos, *Drain rElec rF++ rN+} (You found it on level 4 of the Dungeon)
  2417 | D:4      | Noticed a phantom
  2432 | D:4      | Killed a phantom
  2432 | D:4      | Reached XP level 7. HP: 37/37 MP: 8/8
  2898 | D:5      | Entered Level 5 of the Dungeon
  3248 | D:5      | Gained mutation: You have razor-sharp teeth. [Vine Stalker growth]
  3248 | D:5      | Reached XP level 8. HP: 29/42 MP: 6/9
  3823 | D:6      | Found a bloodstained altar of Trog.
  3827 | D:6      | Mangled by an ogre

Skill      XL: |  1  2  3  4  5  6  7  8 |
---------------+-------------------------+-----
Short Blades   | 2 3 4 |  4.4
Fighting       | 3 4 |  4.8
Shields        | 3 4 |  4.7
Dodging        | 1 2 3 |  3.3
Armour         | 3 4 |  4.1

Action                   |  1- 3 |  4- 6 |  7- 9 || total
-------------------------+-------+-------+-------++-------
Melee: Rapier            |   101 |   126 |    91 ||   318
       Bite              |    25 |    36 |    19 ||    80
  Use: Potion            |       |     1 |       ||     1
       Scroll            |       |     1 |       ||     1
 Stab: Paralysed         |       |     1 |       ||     1
  Eat: Chunk             |     2 |     3 |     5 ||    10
Armor: Scale mail        |    35 |    26 |       ||    61
       Chain mail        |       |    27 |    44 ||    71
Dodge: Dodged            |    44 |    22 |    21 ||    87
Block: Shield            |    53 |    58 |    39 ||   150
